 Dungeon Crawl Stone Soup version 0.27.1-2-g3b301248ec (webtiles) character file.

Game seed: 5946149205979948671

31512 pkoi the Carver (level 13, -2/119 HPs)
             Began as a Minotaur Gladiator on Sept 24, 2021.
             Was a High Priest of Okawaru.
             Slain by a minotaur (5 damage)
             ... in a Gauntlet.
             The game lasted 00:24:08 (16918 turns).

pkoi the Carver (Minotaur Gladiator)               Turns: 16918, Time: 00:24:08

Health: -2/119     AC: 21    Str: 23    XL:     13   Next: 26%
Magic:  12/18      EV: 16    Int:  5    God:    Okawaru [*****.]
Gold:   944        SH:  0    Dex: 13    Spells: 12/12 levels left

rFire    + . .     SeeInvis +   a - +8 long sword "Loit" {vorpal, rF+ rC+}
rCold    + + .     Faith    .   (no shield)
rNeg     . . .     Spirit   .   K - +2 chain mail {rC+}
rPois    .         Reflect  .   p - +0 mask of the Dragon {Will+ Slay+3 SInv}
rElec    .         Harm     .   N - scarf {repulsion}
rCorr    .         Rampage  .   F - +2 pair of gloves {archery}
Will     +....     NoTele   +   w - +0 pair of boots
Stlth    ..........             h - amulet of the acrobat
HPRegen  0.29/turn              C - +4 ring of evasion
MPRegen  0.16/turn              P - ring "Wanoipt" {Wiz Slay+3}

@: heroic, finesse-ful, repel missiles
A: horns 2, retaliatory headbutt
a: Renounce Religion, Heroism, Finesse


You were in a Gauntlet.
You worshipped Okawaru.
Okawaru was extremely pleased with you.
You visited 3 branches of the dungeon, and saw 16 of its levels.
You also visited: Gauntlet and Volcano.

You collected 1252 gold pieces.
You spent 308 gold pieces at shops.

Inventory:

Hand Weapons
 a - the +8 long sword "Loit" (weapon) {vorpal, rF+ rC+}
   (You found it on level 8 of the Dungeon)

   It inflicts extra damage upon your enemies.
   rF:        It protects you from fire.
   rC:        It protects you from cold.
 b - a +2 longbow of freezing
 y - a +0 scimitar of flaming
 E - a +0 long sword
Missiles
 d - 7 throwing nets (quivered)
 n - 18 curare-tipped darts
 v - 494 arrows
Armour
 e - a +0 plate armour
 p - the +0 mask of the Dragon (worn) {Will+ Slay+3 SInv}
   (You found it on level 5 of the Dungeon)

   Slay:      It affects your accuracy & damage with ranged weapons and melee
   (+3).
   SInv:      It lets you see invisible.
   Will:      It increases your willpower.
 w - a +0 pair of boots (worn)
 F - a +2 pair of gloves of archery (worn)
 K - a +2 chain mail of cold resistance (worn)
 N - a scarf of repulsion (worn)
Jewellery
 h - an amulet of the acrobat (around neck)
 k - a ring of protection from fire
 l - a ring of ice
 t - a +4 ring of evasion
 C - a +4 ring of evasion (left hand)
 P - the ring "Wanoipt" (right hand) {Wiz Slay+3}
   (You found it in a Gauntlet)

   [ring of wizardry]

   It improves your spell success rate.
   Slay:      It affects your accuracy & damage with ranged weapons and melee
   (+3).
Wands
 j - a wand of charming (11)
 q - a wand of polymorph (7)
 s - a wand of iceblast (9)
 D - a wand of digging (8)
 G - a wand of flame (32)
 J - a wand of acid (4)
Scrolls
 c - 3 scrolls of identify
 f - 7 scrolls of teleportation
 g - 2 scrolls of enchant armour
 x - a scroll of amnesia
 H - 2 scrolls of blinking
 I - a scroll of fear
 L - a scroll of summoning
Potions
 i - a potion of cancellation
 m - 2 potions of magic
 o - 6 potions of curing
 r - a potion of invisibility
 u - 4 potions of haste
 z - 2 potions of flight
 A - 4 potions of brilliance
 B - 2 potions of heal wounds
 O - a potion of mutation
Miscellaneous
 M - a lightning rod (4/4)


   Skills:
 + Level 12.7(17.7) Fighting
 + Level 14.0(19.0) Long Blades
 + Level 10.7(15.7) Bows
 - Level 2.0(7.0) Throwing
 + Level 12.4(17.4) Armour
 - Level 3.4(8.4) Dodging
 - Level 8.0 Invocations


You had 12 spell levels left.
You didn't know any spells.
Your spell library contained the following spells:

 Spells                   Type           Power      Damage    Failure   Level
 Slow                     Hex            0%         N/A       75%         2
 Call Canine Familiar     Summ           0%         N/A       91%         3
 Confusing Touch          Hex            0%         N/A       91%         3
 Gell's Gravitas          Tloc           0%         N/A       91%         3
 Inner Flame              Hex/Fire       0%         N/A       91%         3
 Lesser Beckoning         Tloc           0%         N/A       91%         3
 Ozocubu's Armour         Ice            0%         N/A       91%         3
 Stone Arrow              Conj/Erth      0%         3d7       91%         3
 Teleport Other           Tloc           0%         N/A       91%         3
 Vampiric Draining        Necr           0%         2d6       91%         3
 Animate Armour           Summ/Erth      0%         N/A       100%        4
 Cause Fear               Hex            0%         N/A       100%        4
 Summon Ice Beast         Ice/Summ       0%         N/A       100%        4
 Bolt of Magma            Conj/Fire/Erth 0%         4d4       100%        5
 Fireball                 Conj/Fire      0%         3d3       100%        5
 Iskenderun's Battlesphe  Conj           0%         2d6       100%        5
 Metabolic Englaciation   Hex/Ice        0%         N/A       100%        5
 Summon Mana Viper        Hex/Summ       0%         N/A       100%        5
 Iron Shot                Conj/Erth      0%         9d1       100%        6
 Simulacrum               Ice/Necr       0%         N/A       100%        6
 Monstrous Menagerie      Summ           0%         N/A       100%        7
 Spellforged Servitor     Conj/Summ      0%         N/A       100%        7
 Discord                  Hex            0%         N/A       100%        8
 Lehudib's Crystal Spear  Conj/Erth      0%         10d2      100%        8
 Shatter                  Erth           0%         3d5*      100%        9


Dungeon Overview and Level Annotations

Branches:
Dungeon (12/15)            Temple (1/1) D:5            Lair (3/6) D:11
  Snake (0/4) Lair:2          Orc (0/2) D:10        Volcano (visited)
Gauntlet (1/1)
  Swamp: Lair:2-4    Shoals: Lair:2-4

Altars:
Ashenzari
Cheibriados
Dithmenos
Elyvilon
Fedhas
Gozag
Hepliaklqana
Kikubaaqudgha
Makhleb
Nemelex Xobeh
Okawaru
Qazlal
Ru
Sif Muna
Trog
Uskayaw
Vehumet
Wu Jian
Xom
Yredelemnul
Zin
The Shining One

Shops:
D:2 ?[?

Annotations:
Gauntlet 4 transporters


Innate Abilities, Weirdness & Mutations

You have a pair of horns on your head.
You reflexively headbutt those who attack you in melee.


Message History

* * * LOW HITPOINT WARNING * * *
The minotaur gores you but does no damage.
Unknown command.
The minotaur blocks your attack.
The minotaur is lightly wounded.
You hit the minotaur but do no damage.
The minotaur is lightly wounded.
You hit the minotaur but do no damage.
The minotaur is lightly wounded.
The minotaur closely misses you. You furiously retaliate!
You headbutt the minotaur, but do no damage.
The minotaur gores you but does no damage.
The minotaur blocks your attack.
You headbutt the minotaur.
The minotaur is moderately wounded.
You slash the minotaur!
The minotaur is moderately wounded.
The minotaur blocks your attack.
You headbutt the minotaur, but do no damage.
The minotaur is moderately wounded.
The minotaur hits you but does no damage.
You writhe in agony!
* * * LOW HITPOINT WARNING * * *
The minotaur barely misses you.
You barely miss the minotaur.
The minotaur furiously retaliates!
The minotaur headbutts you, but does no damage.
You headbutt the minotaur!
The minotaur is heavily wounded.
You hit the minotaur but do no damage.
The minotaur is heavily wounded.
You slice the minotaur!!
The minotaur is almost dead.
The minotaur blocks your attack.
You headbutt the minotaur, but do no damage.
The minotaur is almost dead.
The minotaur hits you with a staff of death!
* * * LOW HITPOINT WARNING * * *
You writhe in agony.
* * * LOW HITPOINT WARNING * * *
The minotaur gores you.
You die...

##...#≈≈≈# 8#...#...#
### ©#.8.#...# ..#
8#.⌠.#.8.##.##.#
##.8.#.©....##.#
.#...#.8.##.##.### ##
.#...#.©.##....#.# ≈≈#
.#.8.#.8.##.##.#.#.≈≈#
.#.∩.#.©....##.'@H.∩≈#
.#.8.#.8.##.##.#.#.≈≈#
.#...#.©.##....#.# ≈≈#
.#...#.8.##.##.### ##
##.8.#.©....##.#
8#.⌠.#.8.##.##.#
©#.8.#...##....#
8#...#...#######
##...#≈≈≈#


You could see a minotaur.

Vanquished Creatures
  Gastronok (Lair:2)
  A cacodemon (Gauntlet)
  A fire dragon (Lair:1)
  Harold (D:11)
  Erolcha (D:11)
  A hydra (D:12)
  Erica (Lair:2)
  A two-headed ogre (D:12)
  2 skeletal warriors (Volcano)
  A glowing orange brain (Gauntlet)
  An orc knight (D:10)
  An anaconda skeleton (Volcano)
  A wolf spider (D:12)
  3 manticores
  2 ugly things
  3 black mambas
  5 gargoyles (Volcano)
  3 cane toads
  Maggie (Lair:2)
  A torpor snail (Gauntlet)
  An unseen horror (D:10)
  4 komodo dragons
  A rime drake (Lair:2)
  2 polar bears
  3 trolls
  Prince Ribbit (D:8)
  A hornet (D:6)
  2 harpy skeletons (Volcano)
  2 flying skulls (Volcano)
  3 shadows (Gauntlet)
  20 yaks
  A wraith (D:9)
  An alligator skeleton (Volcano)
  4 wyverns
  2 fire elementals (Lair:1)
  3 neqoxecs (Gauntlet)
  3 chaos spawn (Gauntlet)
  A steam dragon (D:10)
  6 nagas (Lair:2)
  4 water moccasins
  3 acid dragons
  Duvessa (D:4)
  4 sky beasts
  2 ice beasts
  An orc warrior (D:7)
  A black bear (D:4)
  A necrophage (D:6)
  An ogre (D:6)
  8 wolves
  9 centaurs
  A phantom (D:7)
  3 kobold brigands
  4 scorpions
  8 bullfrogs
  A wyvern zombie (D:7)
  Dowan (D:4)
  A wyvern skeleton (D:7)
  A water moccasin zombie (D:5)
  A water moccasin skeleton (D:5)
  3 wights (D:8)
  8 killer bees
  5 spriggan skeletons (Volcano)
  A troll skeleton (Volcano)
  6 howler monkeys
  3 lava snakes
  A bullfrog zombie (D:5)
  2 centaur zombies
  2 centaur skeletons
  A bullfrog skeleton (D:6)
  A gnoll shaman (D:7)
  5 hounds
  3 iguanas (D:5)
  3 orc wizards
  A naga skeleton (Volcano)
  A hound zombie (D:5)
  A hound skeleton (D:4)
  5 gnolls (D:7)
  6 adders
  2 shadow imps
  A white imp (D:5)
  An ufetubus (D:5)
  2 worms (D:3)
  2 dart slugs
  9 orcs
  7 ball pythons
  4 endoplasms
  3 giant cockroaches (D:1)
  7 goblins
  4 hobgoblins
  8 jackals
  A quokka (D:1)
  5 bats
  A frilled lizard (D:1)
  32 kobolds
  3 rats
299 creatures vanquished.

Vanquished Creatures (others)
  A flying skull (Volcano)
  3 demonic plants (Gauntlet)
  7 fungi
  10 plants
21 creatures vanquished.

Grand Total: 320 creatures vanquished

Notes
Turn   | Place    | Note
-------+----------+-------------------------------------------
     0 | D:1      | pkoi the Minotaur Gladiator began the quest for the Orb.
     0 | D:1      | Reached XP level 1. HP: 18/18 MP: 0/0
    26 | D:1      | Reached skill level 4 in Long Blades
    54 | D:1      | Reached XP level 2. HP: 15/25 MP: 1/1
   478 | D:1      | Reached XP level 3. HP: 27/30 MP: 2/2
  1001 | D:1      | Found a faded altar of an unknown god.
  1042 | D:2      | Found Lomauno's Magic Scroll Boutique.
  1045 | D:2      | Reached skill level 5 in Long Blades
  1081 | D:2      | Found Voomiumm's Antique Armour Shoppe.
  1097 | D:2      | Found Keenesai's Magic Scroll Shop.
  2534 | D:3      | Reached XP level 4. HP: 32/37 MP: 3/3
  2681 | D:3      | Reached skill level 6 in Long Blades
  2851 | D:4      | Noticed a black bear
  2856 | D:4      | Killed a black bear
  2857 | D:4      | Reached skill level 7 in Long Blades
  2857 | D:4      | Reached XP level 5. HP: 40/42 MP: 4/4
  2926 | D:4      | Identified the +5 whip "Astrir" {vorpal, rC+ rCorr Int+3
                  | Dex+3}
  3198 | D:4      | Reached skill level 1 in Armour
  3234 | D:4      | Noticed Duvessa
  3262 | D:4      | Killed Duvessa
  3263 | D:4      | Reached XP level 6. HP: 34/51 MP: 5/5
  3398 | D:4      | Noticed Dowan
  3403 | D:4      | Killed Dowan
  3454 | D:5      | Entered Level 5 of the Dungeon
  3718 | D:5      | Found a staircase to the Ecumenical Temple.
  3738 | D:5      | Reached skill level 8 in Long Blades
  3738 | D:5      | Reached XP level 7. HP: 60/60 MP: 6/6
  3742 | Temple   | Entered the Ecumenical Temple
  3843 | Temple   | Became a worshipper of Warmaster Okawaru
  3864 | D:5      | Found the +0 mask of the Dragon {Will+ Slay+3 SInv}
  4080 | D:5      | Reached skill level 1 in Invocations
  4477 | D:6      | Reached skill level 5 in Fighting
  4597 | D:6      | Reached * piety under Okawaru
  4598 | D:6      | Reached XP level 8. HP: 69/69 MP: 8/8
  4653 | D:6      | Noticed a hornet
  4655 | D:6      | Reached skill level 1 in Bows
  4658 | D:6      | Paralysed by a hornet for 1 turns
  4661 | D:6      | Killed a hornet
  4662 | D:6      | Reached skill level 9 in Long Blades
  4662 | D:6      | Reached skill level 5 in Armour
  5359 | D:6      | Reached ** piety under Okawaru
  5551 | D:7      | Reached XP level 9. HP: 68/78 MP: 10/10
  6580 | D:7      | Found a burning altar of Makhleb.
  6702 | D:8      | Noticed Prince Ribbit
  6712 | D:8      | Killed Prince Ribbit
  6712 | D:8      | Reached *** piety under Okawaru
  6713 | D:8      | Reached skill level 10 in Long Blades
  7094 | D:8      | Identified the +8 long sword "Loit" {vorpal, rF+ rC+}
  7180 | D:8      | Reached skill level 5 in Invocations
  7511 | D:8      | Reached skill level 5 in Bows
  7724 | D:9      | Reached **** piety under Okawaru
  7728 | D:9      | Reached XP level 10. HP: 88/88 MP: 13/13
  8051 | D:10     | Entered Level 10 of the Dungeon
  8193 | D:10     | Found a staircase to the Orcish Mines.
  8193 | D:10     | Noticed an orc knight
  8259 | D:10     | Received a gift from Okawaru
  8426 | D:2      | Bought a scroll of blinking for 90 gold pieces
  8426 | D:2      | Bought a scroll of blinking for 90 gold pieces
  8426 | D:2      | Bought a scroll of identify for 24 gold pieces
  8426 | D:2      | Bought a scroll of identify for 24 gold pieces
  8426 | D:2      | Bought a scroll of identify for 24 gold pieces
  8454 | D:2      | Bought a scroll of identify for 28 gold pieces
  8454 | D:2      | Bought a scroll of identify for 28 gold pieces
  8729 | D:10     | Killed an orc knight
  8729 | D:10     | Received a gift from Okawaru
  8730 | D:10     | Reached skill level 11 in Long Blades
  8906 | D:10     | Noticed a manticore
  8916 | D:10     | Killed a manticore
  9179 | D:10     | Reached ***** piety under Okawaru
  9329 | D:11     | Noticed Harold
  9365 | D:11     | Noticed Erolcha
  9374 | D:11     | Killed Erolcha
  9374 | D:11     | Received a gift from Okawaru
  9415 | D:11     | Killed Harold
  9415 | D:11     | Received a gift from Okawaru
  9416 | D:11     | Reached XP level 11. HP: 81/97 MP: 15/15
  9814 | D:11     | Received a gift from Okawaru
  9963 | D:11     | Found a staircase to the Lair.
 10848 | D:12     | Noticed a purple ugly thing
 10854 | D:12     | Killed a purple ugly thing
 10883 | D:12     | Received a gift from Okawaru
 10884 | D:12     | Reached skill level 10 in Fighting
 11153 | D:12     | Noticed an eight-headed hydra
 11159 | D:12     | Killed a ten-headed hydra
 11566 | D:12     | Noticed a two-headed ogre
 11572 | D:12     | Killed a two-headed ogre
 11573 | D:12     | Reached skill level 12 in Long Blades
 11631 | D:12     | Reached skill level 10 in Armour
 11790 | D:12     | Noticed a wolf spider
 11796 | D:12     | Killed a wolf spider
 12029 | Lair:1   | Entered Level 1 of the Lair of Beasts
 12082 | Lair:1   | Received a gift from Okawaru
 12486 | Lair:1   | Received a gift from Okawaru
 12504 | Lair:1   | Reached XP level 12. HP: 94/108 MP: 17/17
 13192 | Lair:1   | Noticed a fire dragon
 13228 | Lair:1   | Killed a fire dragon
 13492 | Lair:1   | Got Sif Muna's Grimoire of Scorching Companions
 13791 | Lair:1   | Received a gift from Okawaru
 14234 | Lair:2   | Found a dark tunnel.
 14234 | Lair:2   | Found a shimmering altar of Xom.
 14243 | Volcano  | Entered a volcano
 14377 | Volcano  | Reached skill level 13 in Long Blades
 15244 | Lair:2   | Noticed Erica
 15247 | Lair:2   | Noticed Maggie
 15251 | Lair:2   | Killed Erica
 15251 | Lair:2   | Received a gift from Okawaru
 15252 | Lair:2   | Reached skill level 10 in Bows
 15261 | Lair:2   | Killed Maggie
 15643 | Lair:2   | Noticed Gastronok
 15652 | Lair:2   | Killed Gastronok
 15815 | Lair:2   | Identified the +6 arbalest "Ommiug" {elec, rPois rC- Int+5
                  | Stlth+} (Okawaru gifted it to you on level 2 of the Lair of
                  | Beasts)
 15815 | Lair:2   | Received a gift from Okawaru
 15850 | Lair:2   | Reached XP level 13. HP: 118/118 MP: 18/18
 16064 | Lair:2   | Found a staircase to the Snake Pit.
 16234 | Lair:3   | Found a shadowy altar of Dithmenos.
 16315 | Lair:3   | Found a gate leading to a gauntlet.
 16333 | Gauntlet | Entered a Gauntlet
 16333 | Gauntlet | Found a transporter.
 16340 | Gauntlet | Found a runed translucent gate.
 16340 | Gauntlet | Found a runed translucent gate.
 16340 | Gauntlet | Found a runed translucent gate.
 16342 | Gauntlet | Found a transporter.
 16345 | Gauntlet | Found a transporter.
 16346 | Gauntlet | Found a transporter.
 16357 | Gauntlet | Found a transporter.
 16358 | Gauntlet | Found a transporter.
 16359 | Gauntlet | Found a transporter.
 16367 | Gauntlet | Found a transporter.
 16370 | Gauntlet | Found a transporter.
 16371 | Gauntlet | Found a transporter.
 16382 | Gauntlet | Found a transporter.
 16383 | Gauntlet | Found a transporter.
 16387 | Gauntlet | Found a transporter.
 16391 | Gauntlet | Found a transporter.
 16391 | Gauntlet | Noticed a cacodemon
 16822 | Gauntlet | Killed a cacodemon
 16823 | Gauntlet | Reached skill level 14 in Long Blades
 16829 | Gauntlet | Identified the ring "Wanoipt" {Wiz Slay+3}
 16901 | Gauntlet | Noticed a minotaur
 16918 | Gauntlet | HP: 3/119 [minotaur (6)]
 16918 | Gauntlet | Slain by a minotaur

Illustrated notes

Levels and vault maps discovered:
D:1:      eino_arrival_tree_alley, layout_loops_cross,
          shapermc_ecumenical_altar_hornbeckon, st_stairs_10, minmay_octomino_c4
D:2:      layout_loops_ring, serial_rivers, chequers_serial_rivers_small_3,
          chequers_serial_rivers_marsh, chequers_serial_rivers_micro_a,
          chequers_serial_rivers_micro_a, chequers_serial_rivers_micro_d,
          chequers_serial_rivers_small_3, serial_shops, shop, shop,
          shop_fountains, serial_bayou_pond_b
D:3:      layout_loops_cross, glass_columns_c, grunt_decor_cap
D:4:      layout_basic, uniq_duvessa
D:5:      layout_basic, minmay_temple_entry_statues_pillars
D:6:      layout_basic, portal_sewer_entry_d
D:7:      layout_gridville, marbit_many_paths, st_stairs_12
D:8:      layout_loops_cross, kennysheep_generic_room_4, uniq_prince_ribbit1
D:9:      layout_rooms
D:10:     layout_loops_ring, orc_david_3
D:11:     layout_basic, lair_entry_dummy, uniq_erolcha, uniq_harold
D:12:     layout_loops_ring
Temple:   compressed_dpeg_circular_temple
Lair:1:   dragon1_lemuel, layout_regular_city
Lair:2:   layout_layer_cave, minmay_snake_entry_guardpost_medium,
          enter_volcano_2, basic_altar, grunt_megastairs_4, uniq_erica,
          uniq_gastronok, uniq_maggie
Lair:3:   statuecave_lemuel, layout_regular_city, basic_altar,
          gauntlet_entry_generic, wad_woods_road_05
Gauntlet: gammafunk_gauntlet_77_escape_option
          [minmay_gauntlet_arena_77_run_for_it,
          minmay_gauntlet_arena_77_p_blocks,
          minmay_gauntlet_arena_77_block_sizes,
          minmay_gauntlet_arena_77_two_lines, minmay_gauntlet_arena_77_museum,
          gauntlet_exit_watery]

Skill      XL: |  1  2  3  4  5  6  7  8  9 10 11 12 13 |
---------------+----------------------------------------+-----
Long Blades    | 4 5 7 8 9 10 11 12 13 14 | 14.0
Armour         | 2 3 4 6 7 9 10 12 | 12.4
Fighting       | 3 4 5 6 8 9 10 12 | 12.7
Invocations    | 2 3 5 6 8 |  8.0
Bows           | 3 5 6 8 10 | 10.7
Throwing       | |  2.0
Dodging        | |  3.4

Action                   |  1- 3 |  4- 6 |  7- 9 | 10-12 | 13-15 || total
-------------------------+-------+-------+-------+-------+-------++-------
Melee: Long sword        |    91 |    14 |    34 |   312 |    80 ||   531
       Headbutt          |    16 |    17 |    57 |    97 |    30 ||   217
       Whip              |       |    44 |   147 |       |       ||   191
       Dagger            |       |       |    10 |       |       ||    10
       Punch             |       |       |       |     2 |     2 ||     4
 Fire: Shortbow          |       |       |       |    13 |       ||    13
       Longbow           |       |       |       |    58 |     6 ||    64
Throw: Throwing net      |       |       |       |     3 |       ||     3
Invok: Heroism           |       |       |       |     6 |     3 ||     9
       Finesse           |       |       |       |     2 |     2 ||     4
  Use: Scroll            |     3 |     3 |     2 |    16 |     1 ||    25
       Potion            |       |       |       |     2 |       ||     2
 Stab: Sleeping          |     1 |       |       |       |       ||     1
Armor: Leather armour    |    12 |       |       |       |       ||    12
       Plate armour      |    23 |    25 |    91 |   118 |     4 ||   261
       Chain mail        |       |       |       |       |    19 ||    19
Dodge: Dodged            |    67 |    39 |   127 |   245 |    42 ||   520
       Rpst.: Long sword |    16 |       |     2 |    52 |     9 ||    79
